 Dungeon Crawl Stone Soup version 0.24.0 (webtiles) character file.

Game seed: 17488992806181210602, levelgen mode: deterministic

5064 Buxparty the Carver (level 10, -10/64 HPs)
             Began as a Gargoyle Fighter on Feb 15, 2020.
             Was an Initiate of Gozag.
             Killed from afar by Erolcha (31 damage)
             ... with a fireball
             ... on level 9 of the Dungeon.
             The game lasted 00:19:56 (7535 turns).

Buxparty the Carver (Gargoyle Fighter)              Turns: 7535, Time: 00:19:57

Health: -10/64     AC: 28    Str: 23    XL:     10   Next: 56%
Magic:  8/10       EV: 23    Int:  9    God:    Gozag
Gold:   718        SH:  0    Dex:  9    Spells: 9/9 levels left

rFire    . . .     SeeInvis .   E - +4 great sword
rCold    . . .     Gourm    .   (shield currently unavailable)
rNeg     + + .     Faith    .   y - +4 chain mail {MR+}
rPois    ∞         Spirit   .   (no helmet)
rElec    +         Reflect  .   P - +1 cloak {+Inv}
rCorr    .         Harm     .   (no gloves)
MR       +....                  J - +0 pair of boots
Stlth    ..........             M - amulet of the acrobat
HPRegen  0.20/turn              e - ring of positive energy
MPRegen  0.12/turn              I - +3 ring of protection

@: acrobat, very slightly contaminated, invisible
A: negative energy resistance 1, electricity resistance, unbreathing,
petrification resistance, rot immunity, AC +7
a: Potion Petition, Call Merchant, Bribe Branch, Renounce Religion


You were on level 9 of the Dungeon.
You worshipped Gozag.
Gozag was pleased with you.
You were not hungry.

You visited 1 branch of the dungeon, and saw 9 of its levels.

You collected 1049 gold pieces.
You spent 247 gold pieces at shops.
You paid 84 gold pieces to Gozag.

Inventory:

Hand Weapons
 a - a +0 long sword
 E - a +4 great sword (weapon)
 F - a +3 flail
Armour
 c - a +0 shield
 y - a +4 chain mail of magic resistance (worn)
 J - a +0 pair of boots (worn)
 P - a +1 cloak of invisibility (worn)
Jewellery
 e - a ring of positive energy (left hand)
 I - a +3 ring of protection (right hand)
 M - an amulet of the acrobat (around neck)
Wands
 r - a wand of polymorph (12)
 s - a wand of flame (24)
 H - a wand of clouds (4)
Scrolls
 h - 3 scrolls of remove curse
 i - 7 scrolls of identify {unknown}
 k - 3 scrolls of noise {unknown}
 n - 2 scrolls of fog {unknown}
 t - a scroll of random uselessness {unknown}
 u - 8 scrolls of teleportation
 v - a scroll of amnesia {unknown}
 x - 5 scrolls of blinking {unknown}
 B - a scroll of magic mapping {unknown}
 D - 3 scrolls of enchant weapon {unknown}
 G - a scroll of summoning {unknown}
 K - a scroll of enchant armour {unknown}
Potions
 d - 3 potions of might
 g - 3 potions of flight {unknown}
 j - 2 potions of curing
 l - 2 potions of mutation {unknown}
 m - a potion of haste {unknown}
 o - a potion of magic {unknown}
 p - 2 potions of degeneration {unknown}
 q - 2 potions of resistance {unknown}
 w - 2 potions of heal wounds {unknown}
 z - 2 potions of agility {unknown}
 A - a potion of invisibility {unknown}
 L - 2 potions of brilliance {unknown}
 O - 2 potions of lignification {unknown}
Miscellaneous
 b - a fan of gales
Comestibles
 f - 5 rations


   Skills:
 + Level 8.2 Fighting
 * Level 9.1 Long Blades
 + Level 8.2 Armour
 + Level 8.2 Shields


You had 9 spell levels left.
You didn't know any spells.
Your spell library contained the following spells:

 Spells                   Type           Power        Failure   Level  Hunger
 Animate Skeleton         Necr           N/A          94%         1    ##.....
 Apportation              Tloc           #.....       94%         1    ##.....
 Confusing Touch          Hex            #.....       94%         1    ##.....
 Summon Small Mammal      Summ           #...         94%         1    ##.....


Dungeon Overview and Level Annotations

Branches:
Dungeon (9/15)             Temple (0/1) D:7            Lair (0/6) D:9
    Orc (0/2) D:9

Altars:
Ashenzari
Cheibriados
Dithmenos
Elyvilon
Fedhas
Gozag
Hepliaklqana
Makhleb
Okawaru
Qazlal
Sif Muna
Trog
Wu Jian
Xom
Yredelemnul

Shops:
D:5 ([[=   D:8 }   D:9 [(

Annotations:
D:9 Erolcha


Innate Abilities, Weirdness & Mutations

You are resistant to torment.
Your stone body is resilient. (AC +7)
You are immune to poison.
You resist negative energy. (rN+)
You are resistant to electric shocks. (rElec)
You can survive without breathing.
You are immune to petrification.
You are immune to rotting.


Message History

Erolcha is heavily wounded.
Erolcha casts a spell at you. The orb of energy hits you!!
The orb of energy explodes!
You are too injured to fight recklessly!
You are too injured to fight recklessly!
You closely miss Erolcha.
Erolcha is heavily wounded.
Erolcha hits you with a +0 giant club!
* * * LOW HITPOINT WARNING * * *
Your chain mail prevents you from hitting Erolcha.
Erolcha is heavily wounded.
Erolcha mumbles some strange words.
Erolcha blinks!
You fade into invisibility!
You are very lightly contaminated with residual magic.
You feel quite a bit more hungry.
Erolcha points at you and mumbles some strange words.
The fireball explodes!
The fireball engulfs you!!
You die...
Your body crumbles into a pile of gold.

#### ####################
...# #.............O....#
...# #..........#########
...# #.........O# ...#
#..........# ...#
#..........# ...#
#..........#
...####..........#########
................@........#
.........................#
.........................#
...###............########
...# #............# ...#
#............#
...###............#######
.........................#
.......>.................#


You could see Erolcha.

Vanquished Creatures
  Pikel (D:9)
  Grinder (D:3)
  Prince Ribbit (D:9)
  A hippogriff (D:8)
  Eustachio (D:6)
  A hungry ghost (D:8)
  Duvessa (D:6)
  A phantom (D:7)
  2 ice beasts
  A black bear (D:8)
  A sky beast (D:5)
  4 centaurs
  5 ogres
  A crocodile (D:5)
  7 bullfrogs
  2 scorpions
  Dowan (D:6)
  6 killer bees (D:8)
  7 wights
  3 howler monkeys
  A crimson imp (D:5)
  A quasit (D:8)
  2 orc priests
  3 centaur skeletons
  7 hounds
  4 orc wizards
  A jelly (D:7)
  A bullfrog skeleton (D:9)
  Jessica (D:3)
  Terence (D:3)
  3 iguanas
  10 worker ants
  2 hound skeletons
  10 adders
  A shadow imp (D:6)
  2 adder skeletons
  3 worms
  3 dart slugs
  4 leopard geckos
  26 orcs
  4 bats
  7 giant cockroaches
  8 hobgoblins
  4 jackals
  3 quokkas
  2 ball pythons (D:2)
  6 frilled lizards
  9 goblins
  A jackal skeleton (D:8)
  6 kobolds
  A quokka skeleton (D:8)
  A quokka zombie (D:8)
  8 rats
194 creatures vanquished.

Notes
Turn   | Place    | Note
-------+----------+-------------------------------------------
     0 | D:1      | Buxparty the Gargoyle Fighter began the quest for the Orb.
     0 | D:1      | Reached XP level 1. HP: 14/14 MP: 1/1
    81 | D:1      | Found a shattered altar of Ashenzari.
   137 | D:1      | Reached skill level 2 in Long Blades
   152 | D:1      | Reached XP level 2. HP: 6/19 MP: 2/2
   724 | D:1      | Reached XP level 3. HP: 23/23 MP: 3/3
   886 | D:2      | Reached XP level 4. HP: 27/29 MP: 4/4
  1052 | D:2      | Reached skill level 3 in Long Blades
  1234 | D:2      | You fall into a shaft and drop 1 floor!
  1498 | D:3      | Noticed Grinder
  1530 | D:2      | Reached XP level 5. HP: 31/33 MP: 5/5
  1584 | D:3      | Found a shimmering blue altar of Sif Muna.
  1623 | D:3      | Noticed Terence
  1634 | D:3      | Killed Terence
  1678 | D:3      | Found a stormy altar of Qazlal.
  1678 | D:3      | Noticed Jessica
  1711 | D:3      | Killed Jessica
  2010 | D:3      | Paralysed by Grinder for 6 turns
  2016 | D:3      | Killed Grinder
  2016 | D:3      | Reached skill level 4 in Long Blades
  2016 | D:3      | Reached XP level 6. HP: 13/39 MP: 6/6
  2501 | D:4      | Reached XP level 7. HP: 38/44 MP: 7/7
  2673 | D:4      | Found a blossoming altar of Fedhas.
  2680 | D:4      | Reached skill level 5 in Shields
  2702 | D:4      | Reached skill level 5 in Fighting
  2745 | D:4      | Reached skill level 5 in Armour
  2861 | D:4      | Found a burning altar of Makhleb.
  3014 | D:4      | Found a bloodstained altar of Trog.
  3060 | D:5      | Entered Level 5 of the Dungeon
  3065 | D:5      | Noticed Edmund
  3068 | D:5      | Noticed Edmund
  3068 | D:5      | Edmund changed into Edmund the crocodile
  3079 | D:5      | Killed Edmund the crocodile
  3079 | D:5      | Reached skill level 5 in Long Blades
  3367 | D:5      | Found Senoxu's Antique Armour Emporium.
  3398 | D:5      | Found Jyguaq's Jewellery Boutique.
  3411 | D:5      | Reached XP level 8. HP: 43/49 MP: 8/8
  3559 | D:5      | Found an iron altar of Okawaru.
  3819 | D:5      | Found a shimmering altar of Xom.
  3900 | D:5      | Found Facar's Antique Armour Boutique.
  3914 | D:5      | Found Dexaikas's Antique Weapon Shoppe.
  3989 | D:5      | Found a snail-covered altar of Cheibriados.
  4240 | D:6      | Noticed Eustachio
  4255 | D:6      | Killed Eustachio
  4527 | D:6      | Reached skill level 6 in Long Blades
  4911 | D:6      | Reached XP level 9. HP: 56/56 MP: 9/9
  5000 | D:6      | Noticed Duvessa
  5000 | D:6      | Noticed Dowan
  5007 | D:6      | Killed Dowan
  5016 | D:6      | Killed Duvessa
  5016 | D:6      | Reached skill level 7 in Long Blades
  5248 | D:6      | Found an opulent altar of Gozag.
  5255 | D:6      | Became a worshipper of Gozag Ym Sagoz the Greedy
  5358 | D:6      | Found an ornate altar of the Wu Jian Council.
  5455 | D:7      | Found a staircase to the Ecumenical Temple.
  6216 | D:8      | Found Gimonur's Gadget Shoppe.
  6346 | D:8      | Reached skill level 8 in Long Blades
  6533 | D:8      | Reached XP level 10. HP: 63/63 MP: 10/10
  6656 | D:8      | Found a hazy altar of Hepliaklqana.
  6656 | D:8      | Found a shadowy altar of Dithmenos.
  7164 | D:9      | Found a basalt altar of Yredelemnul.
  7175 | D:9      | Found Diofa's Weapon Shop.
  7175 | D:9      | Found a staircase to the Orcish Mines.
  7186 | D:9      | Found Tigaczen's Armour Shop.
  7209 | D:9      | Bought a +1 cloak of invisibility for 247 gold pieces
  7229 | D:9      | Found a white marble altar of Elyvilon.
  7376 | D:9      | Noticed Prince Ribbit
  7382 | D:9      | Killed Prince Ribbit
  7403 | D:9      | Noticed Pikel
  7410 | D:9      | Killed Pikel
  7410 | D:9      | Reached skill level 9 in Long Blades
  7419 | D:9      | Found a staircase to the Lair.
  7519 | D:9      | Noticed Erolcha
  7535 | D:9      | Killed from afar by Erolcha

Levels and vault maps discovered:
D:1:      eino_arrival_water_star, layout_loops_ring,
          hangedman_abyss_or_decor_stabs, ashenzari_altar_1
D:2:      layout_loops_ring, serial_forest, infiniplex_forest_clump_diagonal,
          infiniplex_forest_lined_ring, infiniplex_forest_3_way,
          infiniplex_forest_lined_room_, infiniplex_forest_clump_long,
          infiniplex_forest_straight_2, infiniplex_forest_zigzag_1,
          infiniplex_forest_straight_1, infiniplex_forest_clump_tiny,
          first_ration, dk_noncrumbling_3
D:3:      layout_basic, lemuel_crystal_altar, marbit_many_paths, uniq_jessica,
          uniq_terence, uniq_grinder
D:4:      layout_rooms, lemuel_crystal_altar, nicolae_overflow_crystal_walls,
          lightli_temple_of_fire
D:5:      layout_basic, kennysheep_mini, okawaru_trees_2, serial_shops, shop,
          shop, nicolae_shop_window_shopping, nicolae_shop_crystal, basic_altar,
          uniq_edmund
D:6:      layout_gridville, grunt_gozag_statues, nicolae_overflow_hidden_temple,
          uniq_duvessa, uniq_eustachio
D:7:      layout_layer_cave, temple_green
D:8:      layout_loops_corners, gammafunk_temple_overflow_elements,
          serial_shops, shop
D:9:      layout_small_grid, lemuel_crystal_altar, elyvilon_altar_4,
          lair_entry_dummy, orc_david_3, uniq_erolcha, uniq_prince_ribbit1,
          uniq_pikel
